 Dungeon Crawl Stone Soup version 0.31-a0-986-g5e6e4ef867 (webtiles) character file.

Game seed: 17173254200536674350

17 Skeral the Insei (level 3, -6/29 HPs)
             Began as a Meteoran Shapeshifter on Nov 7, 2023.
             Mangled by a gnoll
             ... wielding a +0 spear
              (7 damage)
             ... on level 1 of the Dungeon.
             The game lasted 00:02:20 (519 turns).

Skeral the Insei (Meteoran Shapeshifter)             Turns: 519, Time: 00:02:21

Health: -6/29      AC:  2    Str: 15    XL:     3   Next: 2%
Magic:  4/4        EV: 12    Int: 11    God:
Gold:   37         SH:  0    Dex: 16    Spells: 2/2 levels left

rFire   . . .        b - +1 short sword (venom)
rCold   . . .        (no shield)
rNeg    . . .        a - +0 animal skin
rPois   .            (helmet currently unavailable)
rElec   .            (cloak currently unavailable)
rCorr   .            (gloves currently unavailable)
SInv    .            (boots currently unavailable)
Will    .....        (no amulet)
Stlth   +            (no ring)
HPRegen 0.24/turn    (no ring)
MPRegen 0.09/turn

%: no passive effects
@: beast-form, glowing, bezotted
A: beast (slay +2), sense surroundings 1, otherworldly, glowing, explore regen
a: Begin Untransformation


You were on level 1 of the Dungeon.
You were a hulking beast.
You visited 1 branch of the dungeon, and saw 1 of its levels.

You collected 37 gold pieces.


Innate Abilities, Weirdness & Mutations

You are a hulking beast.
Your limbs bulge with bestial killing power. (Slay +2)
You passively map a small area around you.
You are easily found by Zot.
You glow in the dark.
You regain HP and MP as you explore.


   Skills:
 + Level 1.8 Fighting
 - Level 2.1 Dodging
 + Level 4.0 Unarmed Combat
 + Level 3.9 Shapeshifting


You had 2 spell levels left.
You didn't know any spells.
Your spell library was empty.

Inventory:

Hand Weapons
 b - a +1 short sword of venom (weapon)
   (You took it off a kobold on level 1 of the Dungeon)
Missiles
 i - 5 poisoned darts
Armour
 a - a +0 animal skin (worn)
 f - a +1 pair of gloves
   (You found it on level 1 of the Dungeon)
Talismans
 c - a beast talisman
 d - a flux talisman
Scrolls
 h - a scroll of vulnerability {unknown}

Dungeon Overview and Level Annotations

Branches:
Dungeon (1/15) Zot: 80

Altars:

Shops:
D:1

(? **,#...#.*
#####.#####.....##..8#
**,#.#.#.###.§......##§###.##..##
**,#.......§§§.#.....#§§.......#
**,#.......#§#§####.§§§§.......#*
,,>.r........§§...†§§§#8###8###⌠#
,*,,,,,,.#.#.#§####§§######## *##
,**,#.####§###§§§§§§§#.#...######
,**......§§§§§g§§§§§§#§§.........
,,,....####.∩.#hh§§§§§§#.###....#
,**..,,#.§§§§§§#######§#.# ####..
,,,,,,,#.§§§#§rr.......#.# #..
****,,,+.§..##.#########.# #..
*,,,,,*#....##.#########.# ##.
*,**,,#.....##.#########.# ##
*,**,,#.##..##.#########.#######)
*,**,,#.*##.....†................
*,**,,#,* ####.#########.###...#,


You could see a gnoll and a jackal.


Message History

The hobgoblin hits you. 😕 HP[-5]
You take 5 damage, and now have 19/24 hp.
MASSIVE DAMAGE!! (PAUSE)
You hit the hobgoblin.
The hobgoblin is poisoned.
The hobgoblin closely misses you.
You closely miss the hobgoblin.
You kill the hobgoblin! 😕 HP[+1]
You see here a hobgoblin corpse. 😕 HP[+1] 😕 HP[+1] 😎 HP[+2]
Your hp is fully restored (24).
There is an entrance to Siofimni's Weapon Shop here.
A jackal comes into view.
The jackal barks!
A jackal comes into view.
A gnoll and a rat come into view.
The gnoll shouts!
The gnoll moves out of view.
An endoplasm comes into view.
You have lingered too long.
Zot senses you.
Dive deeper or flee this branch before you suffer!
You barely miss the jackal.
The jackal bites you but does no damage.
The jackal barely misses you.
You closely miss the jackal. The jackal bites you. 😕 HP[-1]
You take 1 damage, and now have 23/24 hp.
You hit the jackal.
The jackal is poisoned.
The jackal closely misses you.
A rat comes into view.
The jackal bites you. 😕 HP[-3]
You take 3 damage, and now have 20/24 hp.
The jackal barks!
You hit the jackal but do no damage.
The jackal looks as sick as possible!
The jackal closely misses you.
The gnoll hits you from afar with a +0 spear. 😮 HP[-6]
You take 6 damage, and now have 14/24 hp.
MASSIVE DAMAGE!! (PAUSE)
You hit the jackal.
You kill the jackal!
The gnoll completely misses you. 😮 HP[+1]
The endoplasm attacks as it pursues you!
The endoplasm closely misses you.
The endoplasm attacks as it pursues you!
The endoplasm hits you but does no damage.
The gnoll attacks as it pursues you! The gnoll completely misses you.
You hit the endoplasm. The endoplasm barely misses you.
The gnoll barely misses you.
You barely miss the endoplasm. The endoplasm misses you.
The gnoll closely misses you. 😮 HP[+1]
You hit the endoplasm.
You kill the endoplasm!
The gnoll hits you from afar with a +0 spear.
* * * LOW HITPOINT WARNING * * *
You have reached level 3!
Your experience leads to an increase in your attributes!
Increase (S)trength, (I)ntelligence, or (D)exterity?
You feel agile. x3 😨 HP[-2] MP[+1]
You now have 29 max hp (+5).
Your mp is fully restored (4).
The jackal attacks as it pursues you! The jackal closely misses you. 😮 HP[+1]
The jackal misses you.
You hit the jackal. The jackal bites you.
* * * LOW HITPOINT WARNING * * *
The gnoll hits you from afar with a +0 spear.
* * * LOW HITPOINT WARNING * * *
The jackal closely misses you. 😱 HP[-9]
You take 9 damage, and now have 6/29 hp.
MASSIVE DAMAGE!! (PAUSE)
As you read the scroll labelled RALIUD PIONE, it crumbles to dust.
It is a scroll of enchant armour.
Your +0 pair of gloves glows green for a moment.
The jackal barely misses you.
The gnoll misses you. 😱 HP[+1] This is a scroll of acquirement!
Something appears at your feet! The jackal misses you.
The gnoll hits you from afar with a +0 spear.
* * * LOW HITPOINT WARNING * * *
😱 HP[-4]
You take 4 damage, and now have 3/29 hp.
You aren't carrying any potions.
As you read the scroll labelled UZERHA QOBRE, it crumbles to dust.
You feel aware of your surroundings.
You sensed 2 shops/portals.
It was a scroll of revelation.
The jackal closely misses you. The gnoll closely misses you.
The jackal bites you.
* * * LOW HITPOINT WARNING * * *
😱 HP[-2]
You take 2 damage, and now have 1/29 hp.
The air fills with toxic fumes!
As you read the scroll labelled ZUS URIF RUBA, it crumbles to dust.
It was a scroll of poison.
The jackal closely misses you.
The gnoll hits you from afar with a +0 spear!
You die...

Skill      XL: |  1  2 |
---------------+-------+-----
Unarmed Combat | 4 |  4.0
Fighting       | |  1.8
Dodging        | |  2.1
Shapeshifting  | |  3.9

Action                     || total
---------------------------++-------
  Melee: Unarmed           ||     8
         Short sword       ||    29
         Punch             ||     2
    Use: Potion            ||     2
         Scroll            ||     4
 Armour: Animal skin       ||    25
         Skin              ||     1
  Dodge: Dodged            ||    32

Levels and vault maps discovered:
D:1:      dpeg_arrival_circle_labyrinth_c, layout_basic, serial_shops,
          nicolae_shop_pleasant_corner_grove, shop, shop, nicolae_shop_stone,
          serial_corexii_hall, chequers_hall_statues_corner_a,
          corexii_hall_statues_x, corexii_hall_statues_x, corexii_hall_statues_l

Notes
Turn   | Place    | Note
-------+----------+-------------------------------------------
     0 | D:1      | Skeral the Meteoran Shapeshifter began the quest for the
                  | Orb.
     0 | D:1      | Reached XP level 1. HP: 16/16 MP: 2/2
     0 | D:1      | magus.rc [v1.10.3]
   235 | D:1      | HP: 6/24 [poisoned by a kobold]
   240 | D:1      | HP: 2/24 [poisoned by a kobold]
   268 | D:1      | Found Lafij's Magic Scroll Shop.
   277 | D:1      | Reached XP level 2. HP: 13/23 MP: 3/3
   398 | D:1      | Found Siofimni's Weapon Shop.
   446 | D:1      | Reached skill level 4 in Unarmed Combat
   500 | D:1      | Glimpsed the power of Zot.
   512 | D:1      | Reached XP level 3. HP: 14/29 MP: 4/4
   515 | D:1      | HP: 6/29 [gnoll/+0 spear (6)]
   517 | D:1      | Identified a scroll of acquirement
   517 | D:1      | Acquired 550 gold pieces
   518 | D:1      | HP: 1/29 [jackal (2)]
   519 | D:1      | Mangled by a gnoll

Vanquished Creatures
  A dart slug (D:1)
  2 ball pythons (D:1)
  2 endoplasms (D:1)
  A giant cockroach (D:1)
  A hobgoblin (D:1)
  A jackal (D:1)
  A quokka (D:1)
  2 frilled lizards (D:1)
  A kobold (D:1)
  2 rats (D:1)
14 creatures vanquished.

Table legend:
 A = Non-vault XP
 B = Vault XP
 C = Vault XP percentage of total XP
 D = Non-vault monster count
 E = Vault monster count
 F = Vault count percentage of total count
                 A         B        C        D         E       F
            +---------+---------+-------+---------+---------+-------
      Total |      25 |       0 |   0.0 |      14 |       0 |   0.0
            +---------+---------+-------+---------+---------+-------
        D:1 |      25 |       0 |   0.0 |      14 |       0 |   0.0
            +---------+---------+-------+---------+---------+-------

Skill      XL: |  1  2 |
---------------+-------+-----
Unarmed Combat | 4 |  4.0
Fighting       | |  1.8
Dodging        | |  2.1
Shapeshifting  | |  3.9

Action                     || total
---------------------------++-------
  Melee: Unarmed           ||     8
         Short sword       ||    29
         Punch             ||     2
    Use: Potion            ||     2
         Scroll            ||     4
 Armour: Animal skin       ||    25
         Skin              ||     1
  Dodge: Dodged            ||    32

Illustrated notes

Table legend:
 A = Kills in this place as a percentage of kills in the entire game.
 B = Kills by you in this place as a percentage of kills by you in the entire game.
 C = Kills by friends in this place as a percentage of kills by friends in the entire game.
 D = Other kills in this place as a percentage of other kills in the entire game.
 E = Experience gained in this place as a percentage of experience gained in the entire game.
 F = Experience gained in this place divided by the number of levels of this place that you have seen.
                   A       B       C       D       E      F
               +-------+-------+-------+-------+-------+----------------------
         Total | 100.0 | 100.0 |   N/A |   N/A | 100.0 |  25.0
       Dungeon | 100.0 | 100.0 |   N/A |   N/A | 100.0 |  25.0
               +-------+-------+-------+-------+-------+----------------------

Table legend: (Time is in decaauts)
 A = Elapsed time spent in this place.
 B = Non-inter-level travel time spent in this place.
 C = Inter-level travel time spent in this place.
 D = Time resting spent in this place.
 E = Time spent auto-exploring this place.
 F = Levels seen in this place.
 G = Mean time per level.
                   A        B        C        D        E       F      G
               +--------+--------+--------+--------+--------+-----+--------+
         Total |    518 |    434 |     84 |     23 |     54 |   1 |  518.0 |
       Dungeon |    518 |    434 |     84 |     23 |     54 |   1 |  518.0 |
               +--------+--------+--------+--------+--------+-----+--------+

Top non-repeatable levels by time:
     D:1: 518 daAuts
